 Dungeon Crawl Stone Soup version 0.27-a0-78-g75406f0b48 (webtiles) character file.

Game seed: 13871530636653270956

8 knot the Chopper (level 2, 16/24 HPs)
             Began as a Demonspawn Berserker on Jan 14, 2021.
             Was a Follower of Trog.
             Quit the game on level 1 of the Dungeon.
             The game lasted 00:00:33 (367 turns).

knot the Chopper (Demonspawn Berserker)              Turns: 367, Time: 00:00:33

Health: 16/24      AC:  5    Str: 17    XL:     2   Next: 0%
Magic:  2/2        EV: 12    Int:  8    God:    Trog [*.....]
Gold:   10         SH:  0    Dex: 12    Spells: 1/1 levels left

rFire    . . .     SeeInvis .   a - +0 hand axe
rCold    . . .     Faith    .   (no shield)
rNeg     . . .     Spirit   .   b - +0 animal skin
rPois    .         Reflect  .   (no helmet)
rElec    .         Harm     .   f - +0 cloak
rCorr    .         Rampage  .   (no gloves)
Will     .....                  (no boots)
Stlth    +.........             (no amulet)
HPRegen  0.08/turn              (no ring)
MPRegen  0.08/turn              (no ring)

@: no status effects
A: molten scales 1
a: Renounce Religion, Berserk


You were on level 1 of the Dungeon.
You worshipped Trog.
Trog was aware of your devotion.
You visited 1 branch of the dungeon, and saw 1 of its levels.

You collected 10 gold pieces.

Inventory:

Hand Weapons
 a - a +0 hand axe (weapon)
Missiles
 c - 4 stones
 e - 28 bolts
Armour
 b - a +0 animal skin (worn)
 f - a +0 cloak (worn)
Scrolls
 g - a scroll of identify {unknown}
 h - a scroll of remove curse {unknown}
Potions
 d - a potion of heal wounds {unknown}


   Skills:
 - Level 3.0 Fighting
 + Level 3.2 Axes
 - Level 1.7 Armour
 - Level 1.7 Dodging


You had one spell level left.
You didn't know any spells.
Your spell library was empty.

Dungeon Overview and Level Annotations

Branches:
Dungeon (1/15)

Altars:


Innate Abilities, Weirdness & Mutations

You are partially covered in molten scales. (AC +2)


Message History

You closely miss the jackal. The jackal bites you.
The jackal closely misses you.
The jackal bites you but does no damage. x2
You hit the jackal but do no damage.
The jackal is moderately wounded.
You hit the jackal. The jackal misses you. The jackal closely misses you. x2
You hit the jackal.
The jackal is severely wounded.
You hit the jackal. The jackal closely misses you. x2
The jackal barely misses you.
You closely miss the jackal.
The jackal is severely wounded.
You hit the jackal.
You kill the jackal!
Trog accepts your kill.
The jackal bites you but does no damage.
You have reached level 2!
Your demonic ancestry asserts itself...
Molten scales grow over part of your body.
Are you sure you want to abandon this character and quit the game? (Confirm with "yes".)

#.##.# ............≈.≈≈#
..##.# .......#...≈≈≈≈≈≈
####.# ....##.#...≈≈≈≈≈≈
## #.# ##...#.#.....≈≈≈≈
.# #.# #.....+.....≈≈≈≈
.....#
.#+########.#.#.......##
......
..............#.........
....
#..........#..#.........
....
......h@...'..#.........
....
#.....l....#..##'#######
.... #..........##.##.#
... #.....>....##.##.#
.. ##+##########..#.#
##.#.# #...#
#######..####
#...........#


You could see a jackal and a frilled lizard.

Vanquished Creatures
  2 jackals (D:1)
  3 bats (D:1)
  A frilled lizard (D:1)
  A kobold (D:1)
  3 rats (D:1)
10 creatures vanquished.

Notes
Turn   | Place    | Note
-------+----------+-------------------------------------------
     0 | D:1      | knot the Demonspawn Berserker began the quest for the Orb.
     0 | D:1      | Reached XP level 1. HP: 18/18 MP: 1/1
   367 | D:1      | Gained mutation: You are partially covered in molten
                  | scales. (AC +2) [demonic ancestry]
   367 | D:1      | Reached XP level 2. HP: 16/24 MP: 2/2
   367 | D:1      | Quit the game

Illustrated notes

Levels and vault maps discovered:
D:1:      saegor_arrival_simple_e, layout_basic, serial_park_tiny_1,
          chequers_serial_rivers_large_a

Skill      XL: |  1 |
---------------+----+-----
Axes           | 3 |  3.2
Fighting       | |  3.0
Armour         | |  1.7
Dodging        | |  1.7

Action                   || total
-------------------------++-------
Melee: Hand axe          ||    39
Armor: Animal skin       ||    16
Dodge: Dodged            ||    46

Table legend: (Time is in decaauts)
 A = Elapsed time spent in this place.
 B = Non-inter-level travel time spent in this place.
 C = Inter-level travel time spent in this place.
 D = Time resting spent in this place.
 E = Time spent auto-exploring this place.
 F = Levels seen in this place.
 G = Mean time per level.
                   A        B        C        D        E       F      G
               +--------+--------+--------+--------+--------+-----+--------+
         Total |    376 |    376 |      0 |      0 |    271 |   1 |  376.0 |
       Dungeon |    376 |    376 |      0 |      0 |    271 |   1 |  376.0 |
               +--------+--------+--------+--------+--------+-----+--------+

Top non-repeatable levels by time:
     D:1: 376 daAuts
